Unix NetHack Version 5.0.0-0 post-release - last build May  4 2026 22:22:43 (774f63e81ad911689b3a0859ea89b322d5daca8d,branch:main).

Game began 2026-05-05 01:55:23, ended 2026-05-05 23:55:09.

Gary, lawful male human Samurai

                                         ----
                                ----------..|
                                |@[0..^....0|
                                |oo...-----^|
                                |o.%%.|   |^--
                                |.....|----^.|
                                |.....|<.^.^.|
                                ---.---------|
                                 |..--->---.%|
                                 |...[.[).%..|
                                 |...----....|
                                 |...|  |....|
                                 -----  ------

Gary the Ninja         St:16 Dx:16 Co:18 In:9 Wi:9 Ch:7  Lawful S:10084
Dlvl:7  $:36 HP:0(74) Pw:33(33) AC:2  Xp:8/2412 T:9515  Burdened

Latest messages:
 The hill orc hits!
 The hill orc picks up an orcish dagger.
 You hit the hill orc.
 The hill orc wields an orcish dagger!
 The hill orc picks up an orcish dagger.
 The hill orc misses!
 You kill the hill orc!
 The hill orc wields an orcish dagger!
 The hill orc hits!
 The hill orc picks up an orcish dagger.
 The hill orc throws an orcish dagger!
 The orcish dagger hits the hill orc.
 You kill the hill orc!
 The hill orc picks up a jeweled wand.
 The hill orc wields an orcish dagger!
 The hill orc wields an orcish dagger!
 The hill orc picks up an orcish dagger.
 You hit the hill orc.
 You hit the hill orc.
 The hill orc thrusts her orcish dagger.
 The hill orc hits!
 The hill orc thrusts his orcish dagger.
 The hill orc hits!
 The hill orc thrusts her orcish dagger.
 The hill orc hits!
 You hit the hill orc.
 The hill orc thrusts her orcish dagger.
 The hill orc misses!
 The hill orc thrusts his orcish dagger.
 The hill orc hits!
 The hill orc thrusts his orcish dagger.
 The hill orc hits!
 You hit the hill orc.
 The hill orc thrusts his orcish dagger.
 The hill orc hits!
 a - a katana named Snickersnee (weapon in right hand).
 c - a +0 yumi (alternate weapon; not wielded).
 The hill orc thrusts her orcish dagger.
 The hill orc hits!
 The hill orc thrusts his orcish dagger.
 The hill orc hits!
 The hill orc thrusts his orcish dagger.
 The hill orc hits!
 The hill orc wields an orcish dagger!
 You kill the hill orc!
 The hill orc thrusts her orcish dagger.
 The hill orc misses!
 The hill orc thrusts his orcish dagger.
 The hill orc hits!
 You die...

Inventory:
 Coins    ('$')
  $ - 36 gold pieces
 Amulets  ('"')
  D - an uncursed amulet of magical breathing (being worn)
 Weapons  (')')
  B - a +1 arrow (in quiver)
  t - 10 +0 ya
  c - a +0 yumi (alternate weapon; not wielded)
  G - 6 +0 shuriken
  K - a +0 katana
  a - the rustproof +0 Snickersnee (weapon in right hand)
 Armor    ('[')
  M - an uncursed +0 dwarvish iron helm
  q - an uncursed +0 orcish helm (being worn)
  T - a cursed -1 pair of gauntlets of fumbling
  o - an uncursed +0 pair of water walking boots (being worn)
  n - an uncursed burnt +0 cloak of magic resistance (being worn)
  s - an uncursed +1 oilskin cloak
  f - an uncursed rustproof +0 splint mail (being worn)
 Comestibles  ('%')
  F - a cursed cram ration
  H - 2 uncursed gunyoki
  g - an uncursed lembas wafer
  d - 3 uncursed tripe rations
  A - an uncursed tin of spinach
  l - an uncursed lizard corpse
 Scrolls  ('?')
  E - 2 uncursed scrolls of blank paper
  Z - a cursed scroll of charging
  W - 3 uncursed scrolls of confuse monster
  i - an uncursed scroll of destroy armor
  Y - a blessed scroll of earth
  y - 2 uncursed scrolls of identify
  P - an uncursed scroll of remove curse
 Potions  ('!')
  S - an uncursed potion of water
 Rings    ('=')
  C - a cursed ring of aggravate monster
  J - an uncursed ring of cold resistance
  R - an uncursed ring of stealth (on left hand)
 Wands    ('/')
  I - a wand of sleep (0:5)
  p - a wand of speed monster (0:3)
 Tools    ('(')
  b - an uncursed blindfold
  L - an uncursed mirror
  r - a blessed oil lamp
  k - an uncursed skeleton key
  v - an uncursed partly used tallow candle
  w - an uncursed tin whistle
  u - a +0 unicorn horn
  j - a blessed wax candle

Gary the Samurai's attributes:

Background:
 You were a Ninja, a level 8 male human Samurai.
 You were lawful, on a mission for Amaterasu Omikami
 who was opposed by Raijin (neutral) and Susanowo (chaotic).
 You were right-handed.
 You were in Sokoban, on level 7.
 You entered the dungeon 9515 turns ago.
 It was nighttime.
 You had 2412 experience points, 148 more were needed to attain level 9.
 Your score was 10084 before end-of-game adjustments.

Basics:
 You had 0 out of 74 hit points.
 You had all 33 energy points (spell power).
 Your armor class was 2.
 Your wallet contained 36 zorkmids.
 Autopickup was on for '$' plus thrown.

Final Characteristics:
 Your strength was 16 (peak:17, limit:18/100).
 Your dexterity was 16 (limit:18).
 Your constitution was 18 (limit:18).
 Your intelligence was 9 (limit:18).
 Your wisdom was 9 (limit:18).
 Your charisma was 7 (limit:18).

Final Status:
 You weren't hungry.
 You were burdened; movement was slightly slowed.
 You were wielding a long sword.
 You had expert skill with long sword.

Final Attributes:
 You were piously aligned.
 You were magic-protected.
 You were telepathic.
 You were stealthy.
 You could walk on water.
 You could survive without air.
 You were warded.
 You were fast.
 You are dead.

Miscellaneous:
 You didn't encounter any bones levels.
 Total elapsed playing time was 5 hours, 21 minutes and 4 seconds.

Major events:
 Turn
    1: Gary the lawful male human Samurai entered the dungeon
  816: attained the rank of Ronin (level 3)
 2577: attained the rank of Ninja (level 6)
 4068: entered the Gnomish Mines
 4427: reached Mine Town
 5722: was bestowed with Snickersnee by Amaterasu Omikami
 9166: entered Sokoban
 9515: killed by a hill orc

You didn't know any spells.

Skills:
 Fighting Skills
   martial arts      [Basic]
   two weapon combat [Unskilled]
   riding            [Unskilled]
 Weapon Skills
   dagger            [Unskilled]
   knife             [Unskilled]
   short sword       [Basic]
   broadsword        [Unskilled]
   long sword        [Expert]
   two-handed sword  [Unskilled]
   saber             [Unskilled]
   flail             [Unskilled]
   quarterstaff      [Unskilled]
   polearms          [Unskilled]
   spear             [Unskilled]
   lance             [Unskilled]
   bow               [Basic]
   shuriken          [Unskilled]
 Spellcasting Skills
   attack spells     [Unskilled]
   divination spells [Unskilled]
   clerical spells   [Unskilled]

Voluntary challenges:
 Character rerolling was not enabled.
 You never genocided any monsters.
 You never polymorphed an object.
 You used no wishes.
 You did not violate any of the special Sokoban rules.
Achievements:
 You entered a shop.
 You attained the rank of Ronin.
 You attained the rank of Ninja.
 You entered the Gnomish Mines.
 You entered Minetown.
 You entered a temple.
 You entered Sokoban.

 The Dungeons of Doom: levels 1 to 8
    Level 1:
       An altar, many fountains.
    Level 2:
       A bookstore.
    Level 3:
       A fountain.
       Stairs down to The Gnomish Mines.
    Level 4:
       An armor shop, a fountain.
    Level 5:
       An armor shop, a fountain.
    Level 6:
       A fountain, a grave.
    Level 7:
       Many fountains.
       Oracle of Delphi.
    Level 8:
       A general store, a grave.
       Stairs up to Sokoban, level 7.
 The Gnomish Mines: levels 4 to 6
    Level 4:
    Level 5:
    Level 6:
       Many shops, a temple and an altar to Amaterasu Omikami, some fountains.
 Sokoban:
    Level 7: <- You were here.
       Unsolved.
       Final resting place for
          you, killed by a hill orc.


Vanquished creatures:
  2 winter wolves
  4 small mimics
  a watchman
  a crocodile
  7 wolves
  a winter wolf cub
  a spotted jelly
  a leprechaun
 an orc-captain
 an iron piercer
  a brown pudding
  a lizard
  a dingo
  2 dogs
  a housecat
  a blue jelly
  a white unicorn
  a raven
  3 gnome mummies
  a snake
  2 apes
  a bugbear
 an imp
  2 wood nymphs
  2 water nymphs
 11 Mordor orcs
  9 Uruk-hai
 an orc shaman
  3 rock moles
  2 ponies
  6 yellow lights
  2 violet fungi
  6 gnome leaders
  5 gnomish wizards
  a kobold mummy
  a black naga hatchling
  4 elf zombies
  a paper golem
  2 giant ants
  2 floating eyes
  3 dwarves
  a homunculus
  a kobold shaman
  7 hill orcs
  3 rothes
  3 rabid rats
  3 giant bats
  4 monkeys
  4 orc zombies
  6 dwarf zombies
 an iguana
 an acid blob
  2 coyotes
  a gas spore
  3 hobbits
  2 manes
  a large kobold
  3 hobgoblins
  3 giant rats
  8 cave spiders
  a red mold
 23 gnomes
  5 garter snakes
  4 gnome zombies
  9 geckos
 18 jackals
  2 foxes
  4 kobolds
  2 goblins
  2 grid bugs
  a bat
  5 lichens
  a kobold zombie
  6 newts
240 creatures vanquished.

No species were genocided or became extinct.

Game over:
                       ----------
                      /          \
                     /    REST    \
                    /      IN      \
                   /     PEACE      \
                  /                  \
                  |       Gary       |
                  |      36 Au       |
                  | killed by a hill |
                  |       orc        |
                  |                  |
                  |                  |
                  |       2026       |
                 *|     *  *  *      | *
        _________)/\\_//(\/(/\)/\//\/|_)_______

Sayonara Gary the Samurai...

You died in Sokoban on dungeon level 7 with 10081 points,
and 36 pieces of gold, after 9515 moves.
You were level 8 with a maximum of 74 hit points when you died.

